 Dungeon Crawl Stone Soup version 0.28-a0-1555-g9ae15a6949 (webtiles) character file.

Game seed: 3631632268761174268

1511 miscthings the Vandal (level 8, 0/62 HPs)
             Began as a Demigod Artificer on Jan 18, 2022.
             Shot with a sling bullet by Joseph (12 damage)
             ... on level 7 of the Dungeon.
             The game lasted 00:17:24 (6837 turns).

miscthings the Vandal (Demigod Artificer)           Turns: 6837, Time: 00:17:25

Health: 0/62       AC: 12    Str: 17    XL:     8   Next: 28%
Magic:  10/10      EV:  8    Int: 13    God:
Gold:   31         SH:  0    Dex: 18    Spells: 7/7 levels left

rFire   . . .      SeeInvis .   v - +3 hunting sling
rCold   + + .      Faith    .   (no shield)
rNeg    . . .      Spirit   .   w - +0 chain mail {rC+}
rPois   +          Reflect  .   t - +0 helmet
rElec   .          Harm     .   x - +1 cloak {rPois}
rCorr   .          Rampage  .   (no gloves)
Will    .....                   (no boots)
Stlth   ..........              (no amulet)
HPRegen 0.20/turn               b - ring of protection from cold
MPRegen 0.12/turn               (no ring)

@: no status effects
A: high mp 1, forlorn, divine attributes
a: no special abilities


You were on level 7 of the Dungeon.
You visited 1 branch of the dungeon, and saw 7 of its levels.

You collected 120 gold pieces.
You spent 89 gold pieces at shops.

Inventory:

Hand Weapons
 f - a +4 quarterstaff of chaos
 v - a +3 hunting sling (weapon)
Missiles
 g - 142 stones (quivered ammo)
 k - 163 arrows
 u - 5 sling bullets
 z - 2 throwing nets
Armour
 n - a +0 ring mail
 q - a scarf of resistance
 t - a +0 helmet (worn)
 w - a +0 chain mail of cold resistance (worn)
 x - a +1 cloak of poison resistance (worn)
Jewellery
 b - a ring of protection from cold (left hand)
Wands
 c - a wand of flame (12)
 d - a wand of charming (12)
 A - a wand of acid (16)
Scrolls
 a - 2 scrolls of magic mapping
 j - a scroll of blinking {unknown}
 m - 2 scrolls of vulnerability {unknown}
 p - a scroll of holy word
 y - a scroll of teleportation
 B - a scroll of fog {unknown}
 C - a scroll of amnesia {unknown}
 D - a scroll of fear {unknown}
Potions
 i - 5 potions of curing
 l - 2 potions of flight
 o - 3 potions of haste
 r - a potion of heal wounds {unknown}
 s - 2 potions of might
 E - a potion of ambrosia {unknown}
 F - 2 potions of invisibility
 G - a potion of brilliance {unknown}
Miscellaneous
 e - a piece from Xom's chessboard (14/15)


   Skills:
 - Level 2.9 Fighting
 + Level 7.7 Slings
 - Level 3.4 Armour
 - Level 2.8 Dodging
 - Level 0.8 Stealth
 - Level 3.9 Evocations


You had 7 spell levels left.
You didn't know any spells.
Your spell library contained the following spells:

 Spells                   Type           Power      Damage    Failure   Level
 Static Discharge         Conj/Air       0%         N/A       100%        2
 Call Canine Familiar     Summ           0%         N/A       100%        3
 Portal Projectile        Hex/Tloc       0%         N/A       100%        3
 Leda's Liquefaction      Hex/Erth       0%         N/A       100%        4
 Lightning Bolt           Conj/Air       0%         1d11      100%        5
 Maxwell's Capacitive Co  Air            0%         ∞         100%        8


Dungeon Overview and Level Annotations

Branches:
Dungeon (7/15)
 Temple: D:4-7

Shops:
D:4 (*   D:6 *

Portals:
Ossuary: D:7

Annotations:
D:7 Joseph


Innate Abilities, Weirdness & Mutations

You have an increased reservoir of magic. (+10% MP)
You shall have no god before yourself.
Your divine heritage dramatically boosts your attributes as you level up.


Message History

Wisps of shadow whirl around you...
Joseph shoots a sling bullet.
The sling bullet closely misses your water moccasin.
The sling bullet hits you! The sling bullet freezes you.
Joseph shoots a sling bullet.
The sling bullet hits you!!
* * * LOW HITPOINT WARNING * * *
Joseph shoots a sling bullet.
The sling bullet hits your water moccasin!
Your water moccasin seems to slow down.
The sling bullet freezes your water moccasin!
You feel better.
Joseph shoots a sling bullet.
The sling bullet hits your water moccasin!
Your water moccasin seems to slow down.
The sling bullet freezes your water moccasin.
Your water moccasin dies!
Your water moccasin's corpse dissolves into shadows!
Joseph shoots a sling bullet.
The sling bullet hits your orc wizard!
The sling bullet freezes your orc wizard.
Your orc wizard dies!
Your orc wizard's corpse dissolves into shadows!
What are your orders? t - Shout!
Orders for allies: a - Attack new target. r - Retreat! s - Stop attacking. g - Guard the area. f - Follow me.
Anything else - Cancel.
Guard this area!
Joseph shoots a sling bullet.
The sling bullet hits you but does no damage.
A jelly comes into view.
The jelly quivers.
Your water moccasin barely misses Joseph.
Joseph shoots a sling bullet.
The sling bullet closely misses your water moccasin.
The sling bullet hits you!
* * * LOW HITPOINT WARNING * * *
Your water moccasin bites Joseph but does no damage.
Your orc wizard casts a spell at the jelly.
The magic dart hits the jelly!
Joseph shoots a sling bullet.
The sling bullet closely misses your water moccasin.
The sling bullet hits you!
You die...

.. ###########..#.... ...
...#. #...#.#.# ....
#.∩.#. ##.....#.# ..)..
#...#. #..........
......+## ## #+..........
........######...........
....@S........###........
..............# ##...#...
.....#.o...@..# ..###.#
..$.#......o..(.....#
#...##...........#...
..#....#.........# .. ..
....#....#.#....
.....#.##.#.###.. .... #J
..... . .. ....##


You could see Joseph (fast, ally target), a jelly (ally target), a friendly
water moccasin (summoned), a friendly orc wizard (summoned) and a friendly orc
(summoned).

Vanquished Creatures
  2 sky beasts
  2 ice beasts (D:5)
  A necrophage (D:4)
  An ogre (D:5)
  2 scorpions (D:6)
  5 wights (D:6)
  3 electric eels (D:3)
  A jelly (D:5)
  A hound (D:4)
  A bullfrog skeleton (D:5)
  Crazy Yiuf (D:3)
  A gnoll shaman (D:6)
  2 centaur skeletons
  3 iguanas
  A hound zombie (D:5)
  Robin (D:3)
  8 gnolls
  7 adders
  An ufetubus (D:6)
  A worm (D:3)
  2 dart slugs
  9 orcs
  4 ball pythons
  6 endoplasms
  2 giant cockroaches (D:2)
  10 goblins
  7 hobgoblins
  3 jackals (D:5)
  5 quokkas
  A bat (D:2)
  4 frilled lizards
  7 kobolds
  6 rats
111 creatures vanquished.

Vanquished Creatures (collateral kills)
  A giant cockroach (D:3)
  3 goblins (D:3)
  A hobgoblin (D:3)
5 creatures vanquished.

Vanquished Creatures (others)
  A worm (D:3)
  2 plants (D:3)
3 creatures vanquished.

Grand Total: 119 creatures vanquished

Notes
Turn   | Place    | Note
-------+----------+-------------------------------------------
     0 | D:1      | miscthings the Demigod Artificer began the quest for the
                  | Orb.
     0 | D:1      | Reached XP level 1. HP: 15/15 MP: 3/3
    31 | D:1      | Reached skill level 1 in Fighting
    31 | D:1      | Reached skill level 1 in Dodging
   394 | D:1      | Reached XP level 2. HP: 21/23 MP: 4/4
  1577 | D:2      | Reached XP level 3. HP: 19/28 MP: 5/5
  2287 | D:3      | Found a transporter.
  2305 | D:3      | Found a transporter.
  2333 | D:3      | HP: 1/29 [electric eel/bolt of electricity (16)]
  2855 | D:3      | Reached XP level 4. HP: 15/36 MP: 6/6
  3421 | D:3      | Reached XP level 5. HP: 42/42 MP: 7/7
  3958 | D:3      | Noticed Robin
  4257 | D:3      | Killed Robin
  4381 | D:3      | Found a runed translucent door.
  4382 | D:3      | Noticed Crazy Yiuf
  4420 | D:3      | Killed Crazy Yiuf
  4589 | D:4      | Found Caung's General Store.
  4723 | D:4      | Reached XP level 6. HP: 50/50 MP: 8/8
  4779 | D:4      | Found Moijeutom's Weapon Emporium.
  5001 | D:4      | Reached skill level 2 in Slings
  5266 | D:5      | Entered Level 5 of the Dungeon
  5334 | D:5      | Reached skill level 3 in Slings
  5353 | D:5      | Reached skill level 4 in Slings
  5353 | D:5      | Reached XP level 7. HP: 56/56 MP: 9/9
  5459 | D:5      | Reached skill level 5 in Slings
  6170 | D:6      | Reached skill level 6 in Slings
  6227 | D:6      | Reached XP level 8. HP: 40/62 MP: 10/10
  6279 | D:6      | Reached skill level 7 in Slings
  6490 | D:6      | Found Hixuipef's Assorted Antiques.
  6521 | D:6      | Bought a black potion for 27 gold pieces
  6521 | D:6      | Bought a scroll labelled WILUEF MYDGHARATUUT for 31 gold
                  | pieces
  6521 | D:6      | Bought a scroll labelled VURACR ZION for 31 gold pieces
  6808 | D:7      | Found a sand-covered staircase.
  6828 | D:7      | Noticed Joseph
  6837 | D:7      | Shot with a sling bullet by Joseph

Illustrated notes

Levels and vault maps discovered:
D:1:      onia_arrival_pentagram, layout_rooms,
          hellmonk_ecumenical_altar_pennies_from_heaven,
          minmay_misc_feat_pillars
D:2:      layout_basic, st_stairs_2
D:3:      gammafunk_steamed_eel, layout_loops_ring, uniq_robin,
          uniq_crazy_yiuf_cottage
D:4:      layout_loops_ring, serial_shops, shop_fountains,
          nicolae_stop_n_shop_1, chequers_decorated_corner
D:5:      layout_rooms, nzn_hepliaklqana_mist_gate
D:6:      layout_basic, minitemple, serial_shops, shop
D:7:      layout_cave_pools, mainiacjoe_overflow_brackets,
          minmay_temple_entry_ruins, lightli_bailey_entry_fortress,
          nicolae_ossuary_entry_false_entrances, uniq_joseph

Skill      XL: |  1  2  3  4  5  6  7  8 |
---------------+-------------------------+-----
Fighting       | 1 2 |  2.9
Dodging        | 1 2 |  2.8
Armour         | 2 3 |  3.4
Evocations     | 3 |  3.9
Slings         | 4 6 7 |  7.7
Stealth        | |  0.8

Action                   |  1- 3 |  4- 6 |  7- 9 || total
-------------------------+-------+-------+-------++-------
Melee: Club              |    15 |       |       ||    15
       Dagger            |   154 |   105 |       ||   259
       Punch             |     4 |     4 |       ||     8
       Quarterstaff      |       |       |     5 ||     5
 Fire: Hunting sling     |       |   116 |   161 ||   277
Throw: Stone             |     6 |       |       ||     6
Evoke: Wand              |     9 |     8 |       ||    17
       Piece from Xom's  |     2 |     7 |     1 ||    10
  Use: Scroll            |       |     1 |     8 ||     9
       Potion            |       |       |     1 ||     1
 Stab: Sleeping          |     1 |       |       ||     1
       Confused          |     1 |     2 |       ||     3
       Paralysed         |       |     2 |       ||     2
Armor: Leather armour    |    27 |       |       ||    27
       Ring mail         |    26 |    33 |       ||    59
       Chain mail        |       |    19 |    44 ||    63
Dodge: Dodged            |    91 |    57 |    28 ||   176

Table legend: (Time is in decaauts)
 A = Elapsed time spent in this place.
 B = Non-inter-level travel time spent in this place.
 C = Inter-level travel time spent in this place.
 D = Time resting spent in this place.
 E = Time spent auto-exploring this place.
 F = Levels seen in this place.
 G = Mean time per level.
                   A        B        C        D        E       F      G
               +--------+--------+--------+--------+--------+-----+--------+
         Total |   6842 |   6662 |    180 |   2771 |   2511 |   7 |  977.4 |
       Dungeon |   6842 |   6662 |    180 |   2771 |   2511 |   7 |  977.4 |
               +--------+--------+--------+--------+--------+-----+--------+

Top non-repeatable levels by time:
     D:3: 2506 daAuts
     D:2: 1202 daAuts
     D:1: 937 daAuts
     D:6: 797 daAuts
     D:4: 693 daAuts
     D:5: 672 daAuts
     D:7: 31 daAuts
